Match 34761331
Unlisted

Match 34761331
End
Royal Engineer Section
Construct Section Command Post
Infantry Section
Infantry Section
Selects Air and Sea Battlegroup
ML 3-inch Mortar Team
Construct Field Infirmary
Infantry Section
Selects Commando Section Paradrop
Selects Commando Support Section Paradrop
Construct Platoon Command Post
Humber Armored Car
Wolfe
J3x
0
0

Comments sign in to comment!

No comments posted yet!